AoeStats
← ROYAL PIGGY

Nomad

507975192Analyzed
4v4 RM · 13d ago on Sep 20, 2026· 34m 4s· 8 players
Game mode
Random Map
Map size
231×231
Population
200
Speed
Normal
Resources
Standard
Victory
Conquest
Starting age
Dark Age
Ending age
Imperial Age
RankedLock teamsTeams togetherTeam positionsShared explorationLock speedFull tech treeHidden civsTurbo modeCheats
Victory
Defeat
🇨🇳 Mongols · China
1392
+16
🇹🇼 Persians · Taiwan
1352
+18
🇹🇼 Koreans · Taiwan
1327
+19
🇹🇼 Bengalis · Taiwan
1323
+19
🇨🇳 Tupi · China
1471
-22
🇨🇳 Vietnamese · China
1401
-18
🇨🇳 Persians · China
1340
-16
🇨🇳 Japanese · China
1332
-16
chengaopeng044
3:47 Loom
3:47 Loom
14:34 Feudal Age
17:52 Castle Age
16:34 Double-Bit Axe
18:59 Wheelbarrow
25:30 Horse Collar
28:22 Town Watch
32:04 Bow Saw
32:01 Scale Barding Armor
33:40 Heavy Plow
34:58 Hand Cart
牛比无极限
4:53 Loom
13:33 Feudal Age
14:07 Double-Bit Axe
18:43 Castle Age
20:28 Bow Saw
23:29 Wheelbarrow
22:37 Horse Collar
24:26 Fletching
25:01 Bodkin Arrow
26:31 Bloodlines
26:51 Ballistics
27:52 Hand Cart
28:32 Padded Archer Armor
28:34 Husbandry
35:58 Imperial Age
passiontea
11:47 Loom
13:54 Feudal Age
17:59 Castle Age
19:12 Double-Bit Axe
19:09 Horse Collar
20:01 Fletching
21:06 Bodkin Arrow
23:25 Sanctity
23:11 Padded Archer Armor
23:53 Elite Skirmisher
27:39 Bow Saw
32:54 Leather Archer Armor
32:47 Heavy Plow
32:57 Gold Mining
34:03 Fishing Lines
inertgas01
8:47 Loom
14:57 Feudal Age
15:47 Town Watch
18:36 Castle Age
17:23 Fletching
21:17 Bodkin Arrow
22:03 Medium Warships
23:12 Double-Bit Axe
28:34 Clinker Construction
34:21 Horse Collar
ROYAL PIGGY
5:24 Loom
14:15 Feudal Age
16:01 Double-Bit Axe
18:58 Castle Age
17:05 Fishing Lines
17:35 Gold Mining
20:16 Bow Saw
21:13 Gold Shaft Mining
20:31 Fletching
21:57 Wheelbarrow
22:39 Padded Archer Armor
23:10 Bodkin Arrow
24:21 Leather Archer Armor
24:59 Ballistics
25:22 Hand Cart
27:03 Horse Collar
35:12 Imperial Age
34:08 Scale Mail Armor
wjc980418
12:37 Feudal Age
16:18 Castle Age
15:05 Stone Mining
18:21 Wheelbarrow
28:22 Loom
32:10 Hand Cart
33:44 Stone Shaft Mining
32:58 Town Watch
崽仔
3:46 Loom
15:51 Feudal Age
17:09 Forging
18:29 Fletching
18:21 Horse Collar
18:35 Gold Mining
24:54 Castle Age
25:46 Medium Warships
25:38 Bodkin Arrow
26:07 Double-Bit Axe
29:46 Bow Saw
34:05 Fishing Lines
Why617
4:06 Loom
13:35 Feudal Age
14:26 Horse Collar
19:45 Castle Age
19:13 Double-Bit Axe
20:47 Town Watch
21:26 Bow Saw
21:20 Fletching
30:25 Wheelbarrow
Connection lost

Rejoining the realm…

Still unreachable

The connection could not be restored.

Session expired

The server has moved on; the page needs a fresh start.